 Dungeon Crawl Stone Soup version 0.22.1-1-ga44c0e56f4 (webtiles) character file.

32488 Peloso the Carver (level 13, -8/118 HPs)
             Began as a Minotaur Fighter on Oct 7, 2018.
             Was the Champion of Okawaru.
             Mangled by a 15-headed hydra (10 damage)
             ... on level 3 of the Lair of Beasts.
             The game lasted 00:34:39 (12816 turns).

Peloso the Carver (Minotaur Fighter)               Turns: 12816, Time: 00:34:40

Health: -8/118     AC: 17    Str: 24    XL:     13   Next: 31%
Magic:  0/13       EV: 13    Int:  8    God:    Okawaru [******]
Gold:   1462       SH: 15    Dex: 12    Spells: 12/12 levels left

rFire    x . .     SeeInvis .   y - +0 whip (flame)
rCold    + + .     Gourm    .   c - +0 shield
rNeg     . . .     Faith    .   b - +1 chain mail {MR+}
rPois    .         Spirit   +   (helmet restricted)
rElec    .         Reflect  .   N - scarf {cloud immunity}
rCorr    +         Harm     .   m - +0 pair of gloves
MR       +....                  (no boots)
Stlth    ..........             k - amulet "Naabir" {Spirit rC+ Int+3}
HPRegen  0.29/turn              G - ring of resist corrosion
MPRegen  0.13/turn              s - ring of ice

@: heroism, finesse
A: retaliatory headbutt, horns 2
a: Heroism, Finesse, Renounce Religion


You were on level 3 of the Lair of Beasts.
You worshipped Okawaru.
Okawaru was exalted by your worship.
You were not hungry.

You visited 3 branches of the dungeon, and saw 16 of its levels.

You collected 1510 gold pieces.
You spent 48 gold pieces at shops.

Inventory:

Hand Weapons
 a - a +3 demon blade of venom
 y - a +0 whip of flaming (weapon)
Armour
 b - a +1 chain mail of magic resistance (worn)
 c - a +0 shield (worn)
 m - a +0 pair of gloves (worn)
 N - a scarf of cloud immunity (worn)
 P - a +1 cloak of invisibility
Jewellery
 k - the amulet "Naabir" (around neck) {Spirit rC+ Int+3}
   (You acquired it on level 11 of the Dungeon)

   [amulet of guardian spirit]

   It causes incoming damage to be split between your health and magic.
   It affects your intelligence (+3).
   It protects you from cold.
 l - an uncursed ring of wizardry
 n - an uncursed ring of ice
 s - a ring of ice (right hand)
 C - an uncursed amulet of regeneration
 E - a +3 ring of intelligence
 F - an uncursed amulet of guardian spirit
 G - a ring of resist corrosion (left hand)
 O - an uncursed ring of ice
Wands
 o - a wand of acid (13)
 p - a wand of digging (23)
 x - a wand of flame (35)
 H - a wand of polymorph (14)
 M - a wand of paralysis (28)
Scrolls
 g - a scroll of identify
 h - 7 scrolls of remove curse
 j - 6 scrolls of teleportation
 v - 2 scrolls of fear
 A - 5 scrolls of fog
 B - a scroll of amnesia
 I - a scroll of magic mapping
 L - a scroll of enchant armour
Potions
 d - 2 potions of might
 e - 7 potions of curing
 i - a potion of resistance
 q - a potion of brilliance
 r - 6 potions of heal wounds
 t - 3 potions of haste
 u - a potion of cancellation
 w - a potion of magic
 z - 2 potions of invisibility
 D - a potion of flight
 J - a potion of berserk rage {unknown}
 K - a potion of mutation {unknown}
Comestibles
 f - 34 rations
 Q - 3 chunks of flesh


   Skills:
 + Level 12.2(17.2) Fighting
 + Level 14.9(19.9) Long Blades
 + Level 13.2(18.2) Armour
 + Level 4.0(9.0) Dodging
 + Level 1.5(6.5) Stealth
 + Level 13.2(18.2) Shields
 + Level 0.7 Invocations
 + Level 1.7 Evocations


You had 12 spell levels left.
You didn't know any spells.
Your spell library contained the following spells:

 Spells                   Type           Power        Failure   Level  Hunger
 Corona                   Hex            #......      83%         1    ##.....
 Shock                    Conj/Air       #...         83%         1    ##.....
 Sting                    Conj/Pois      #...         83%         1    ##.....
 Poisonous Vapours        Pois/Air       #.....       93%         2    ###....
 Slow                     Hex            #.......     93%         2    ###....
 Swiftness                Chrm/Air       #.......     93%         2    ###....
 Inner Flame              Hex/Fire       #.......     99%         3    ####...
 Mephitic Cloud           Conj/Pois/Air  #.......     99%         3    ####...
 Portal Projectile        Hex/Tloc       #.....       99%         3    ####...
 Static Discharge         Conj/Air       #.......     99%         3    ####...
 Airstrike                Air            #.........   100%        4    #####..
 Cause Fear               Hex            #.........   100%        4    #####..
 Leda's Liquefaction      Hex/Erth       #.........   100%        4    #####..
 Olgreb's Toxic Radiance  Pois           #.......     100%        4    #####..
 Lightning Bolt           Conj/Air       #.........   100%        5    ######.
 Venom Bolt               Conj/Pois      #.........   100%        5    ######.


Dungeon Overview and Level Annotations

Branches:
Dungeon (12/15)            Temple (1/1) D:6            Lair (3/6) D:9
    Orc (0/2) D:10
  Swamp: Lair:2-4    Shoals: Lair:2-4     Snake: Lair:2-4    Spider: Lair:2-4

Altars:
Ashenzari
Cheibriados
Dithmenos
Elyvilon
Fedhas
Gozag
Hepliaklqana
Kikubaaqudgha
Makhleb
Nemelex Xobeh
Okawaru
Qazlal
Ru
Sif Muna
Trog
Uskayaw
Vehumet
Wu Jian
Xom
Yredelemnul
Zin
The Shining One

Shops:
D:8 ?

Portals:
Trove: D:12 (give +6 demon whip)


Innate Abilities, Weirdness & Mutations

You reflexively headbutt those who attack you in melee.
You have a pair of horns on your head.


Message History

You hit the 15-headed hydra. You burn the 15-headed hydra.
The 15-headed hydra is almost dead.
Unknown command.
You hit the 15-headed hydra. You burn the 15-headed hydra.
The 15-headed hydra is almost dead.
You block the 15-headed hydra's attack. x2; The 15-headed hydra bites you!
* * * LOW HITPOINT WARNING * * *
The 15-headed hydra closely misses you. The 15-headed hydra bites you.
* * * LOW HITPOINT WARNING * * *
You block the 15-headed hydra's attack. The 15-headed hydra bites you.
* * * LOW HITPOINT WARNING * * *
The 15-headed hydra bites you.
* * * LOW HITPOINT WARNING * * *
The 15-headed hydra closely misses you.
The 15-headed hydra bites you but does no damage.
The 15-headed hydra misses you.
The 15-headed hydra bites you but does no damage.
The 15-headed hydra misses you. The 15-headed hydra closely misses you.
The 15-headed hydra bites you!
You die...

#.......### ##.......P# ### ###
#.......### ###
####.###.####......#P########.###
........#...#...†........##...#..
.................................
.................................
.................................
................@D...............
#.....#..........................
#................................
.#....#........#............(....
#(.............##................
#........#..... .......###
###.....#.##.# ......##
##.....#### ####.## #.....#


You could see a 15-headed hydra.

Vanquished Creatures
  A fire giant (D:12)
  Josephine (D:10)
  Fannar (Lair:1)
  A two-headed ogre (D:12)
  Urug (Lair:1)
  Nergalle (D:12)
  Sonja (D:12)
  Pikel (D:4)
  2 ugly things (D:11)
  An orb spider (shapeshifter) (D:8)
  14 cyclopes (D:12)
  Joseph (D:8)
  Psyche (D:8)
  2 centaur zombies
  A gargoyle (D:10)
  3 spiny frogs (Lair:2)
  4 komodo dragons
  A guardian mummy (D:12)
  A merfolk (D:11)
  A hornet (D:12)
  10 blink frogs
  3 hippogriffs
  2 vampires
  5 wraiths
  23 yaks
  2 hungry ghosts (D:11)
  A basilisk (shapeshifter) (D:11)
  A wyvern (D:9)
  4 vampire mosquitoes (D:7)
  A basilisk (D:12)
  An acid dragon (D:12)
  4 wargs
  2 water moccasins
  4 orc warriors
  3 porcupines
  4 sky beasts
  8 ice beasts
  3 black bears
  A phantom (D:8)
  5 centaurs
  9 ogres
  13 wolves
  2 crocodiles
  2 big kobolds (D:11)
  4 bullfrogs
  A wyvern zombie (D:11)
  2 scorpions
  4 wights (D:12)
  4 electric eels
  3 howler monkeys (D:10)
  3 lava snakes (D:12)
  A bullfrog zombie (D:12)
  5 crimson imps
  2 quasits
  3 bullfrog skeletons
  8 hounds
  5 jellies
  6 orc priests
  9 orc wizards
  2 centaur skeletons (D:10)
  6 iguanas
  11 worker ants
  A hound skeleton (D:10)
  A worker ant zombie (D:8)
  7 adders
  4 gnolls (D:6)
  2 howler monkey skeletons
  An ooze (D:5)
  2 adder skeletons
  4 worms
  6 dart slugs
  4 leopard geckos
  42 orcs
  5 goblins
  4 hobgoblins
  17 jackals
  12 kobolds
  4 quokkas
  4 bats
  2 frilled lizards
  A jackal skeleton (D:5)
  A leopard gecko skeleton (D:7)
  5 rats
361 creatures vanquished.

Vanquished Creatures (others)
  A slave (D:4)
  2 scorpions (D:4)
  An orc wizard (D:7)
  An adder (D:10)
  A jackal skeleton (D:4)
  A fungus (Lair:1)
  A plant (D:11)
8 creatures vanquished.

Grand Total: 369 creatures vanquished

Notes
Turn   | Place    | Note
-------+----------+-------------------------------------------
     0 | D:1      | Peloso the Minotaur Fighter began the quest for the Orb.
     0 | D:1      | Reached XP level 1. HP: 19/19 MP: 0/0
    79 | D:1      | Reached XP level 2. HP: 17/27 MP: 1/1
  1112 | D:2      | Reached XP level 3. HP: 27/33 MP: 2/2
  1475 | D:2      | Found a deep blue altar of Sif Muna.
  1574 | D:2      | Reached skill level 3 in Long Blades
  1707 | D:3      | Found a sparkling altar of Nemelex Xobeh.
  1770 | D:3      | Reached XP level 4. HP: 23/40 MP: 3/3
  2103 | D:3      | Noticed an ogre
  2108 | D:3      | Killed an ogre
  2108 | D:3      | Reached skill level 4 in Long Blades
  2108 | D:3      | Reached skill level 1 in Dodging
  2108 | D:3      | Reached XP level 5. HP: 47/47 MP: 4/4
  2388 | D:4      | Reached skill level 5 in Shields
  2430 | D:4      | Reached XP level 6. HP: 40/53 MP: 5/5
  2458 | D:4      | Noticed Pikel
  2458 | D:4      | Noticed a slave
  2458 | D:4      | Noticed a slave
  2458 | D:4      | Noticed a slave
  2458 | D:4      | Noticed a slave
  2481 | D:4      | Killed Pikel
  2481 | D:4      | Reached skill level 5 in Fighting
  2481 | D:4      | Reached skill level 6 in Long Blades
  2481 | D:4      | Reached skill level 5 in Armour
  2481 | D:4      | Reached XP level 7. HP: 18/61 MP: 6/6
  3143 | D:4      | Found a shimmering altar of Xom.
  3147 | D:4      | Found a shattered altar of Ashenzari.
  3151 | D:4      | Found an ancient bone altar of Kikubaaqudgha.
  3222 | D:5      | Entered Level 5 of the Dungeon
  3298 | D:5      | Got a slimy flail
  3299 | D:5      | Identified the +2 flail of the Pharaoh's Fist {crush, rElec
                  | Dex+4} (You found it on level 5 of the Dungeon)
  3407 | D:5      | Reached XP level 8. HP: 68/69 MP: 7/7
  3617 | D:5      | Reached skill level 7 in Long Blades
  3788 | D:6      | Found a staircase to the Ecumenical Temple.
  3836 | Temple   | Entered the Ecumenical Temple
  3935 | Temple   | Became a worshipper of Warmaster Okawaru
  4191 | D:6      | Found a hazy altar of Hepliaklqana.
  4224 | D:6      | Reached skill level 8 in Long Blades
  4507 | D:7      | Reached * piety under Okawaru
  4522 | D:7      | Reached XP level 9. HP: 30/75 MP: 5/8
  4529 | D:7      | Reached skill level 9 in Long Blades
  4654 | D:7      | Reached ** piety under Okawaru
  5347 | D:8      | Noticed Joseph
  5383 | D:8      | Reached skill level 10 in Long Blades
  5584 | D:8      | Killed Joseph
  5613 | D:8      | Reached XP level 10. HP: 75/86 MP: 9/9
  5628 | D:8      | Found Toetawnok's Magic Scroll Shoppe.
  5637 | D:8      | Noticed Psyche
  5676 | D:8      | Killed Psyche
  5676 | D:8      | Reached *** piety under Okawaru
  5704 | D:8      | Bought a scroll of teleportation for 36 gold pieces
  5704 | D:8      | Bought a scroll of random uselessness for 12 gold pieces
  5798 | D:8      | Noticed an orb spider
  5817 | D:8      | Killed an orb spider
  5916 | D:8      | Reached skill level 11 in Long Blades
  6031 | D:9      | Reached **** piety under Okawaru
  6213 | D:9      | Found a staircase to the Lair.
  6489 | D:9      | Found a glowing golden altar of the Shining One.
  6860 | D:10     | Entered Level 10 of the Dungeon
  6864 | D:10     | Reached skill level 10 in Shields
  6960 | D:10     | Reached skill level 10 in Armour
  7061 | D:10     | Noticed Josephine
  7077 | D:10     | Killed Josephine
  7077 | D:10     | Reached ***** piety under Okawaru
  7093 | D:10     | Reached XP level 11. HP: 71/95 MP: 8/10
  7097 | D:10     | Received a gift from Okawaru
  7418 | D:10     | Found a staircase to the Orcish Mines.
  7424 | D:10     | Reached skill level 12 in Long Blades
  7921 | D:11     | Reached skill level 1 in Evocations
  8012 | D:11     | Noticed a green ugly thing
  8023 | D:11     | Killed a green ugly thing
  8023 | D:11     | Received a gift from Okawaru
  8059 | D:11     | Reached skill level 1 in Stealth
  8093 | D:11     | Identified a scroll of acquirement
  8096 | D:11     | Got a scorched graven amulet
  8098 | D:11     | Identified the amulet "Naabir" {Spirit rC+ Int+3} (You
                  | acquired it on level 11 of the Dungeon)
  8152 | D:11     | Reached skill level 13 in Long Blades
  8500 | D:12     | Noticed Sonja
  8501 | D:12     | Noticed a white ugly thing
  8504 | D:12     | Killed Sonja
  8512 | D:11     | Killed a white ugly thing
  8512 | D:11     | Reached skill level 10 in Fighting
  8715 | D:12     | Found a portal to a secret trove of treasure.
  8765 | D:12     | Noticed Nergalle
  8787 | D:12     | Killed Nergalle
  8938 | D:12     | Reached XP level 12. HP: 105/106 MP: 10/12
  9669 | D:12     | Noticed an ettin
  9772 | D:12     | Reached skill level 14 in Long Blades
 10121 | D:12     | Reached ****** piety under Okawaru
 10133 | D:12     | Received a gift from Okawaru
 10319 | D:12     | Noticed a two-headed ogre
 10334 | D:12     | Killed a two-headed ogre
 10534 | D:12     | Noticed a fire giant
 10537 | D:12     | Noticed an ettin
 10599 | D:12     | Killed a fire giant
 10766 | Lair:1   | Entered Level 1 of the Lair of Beasts
 10922 | Lair:1   | Noticed Urug
 10922 | Lair:1   | Noticed Fannar
 10945 | Lair:1   | Killed Fannar
 10956 | Lair:1   | Killed Urug
 11214 | Lair:1   | Received a gift from Okawaru
 11370 | Lair:1   | Reached XP level 13. HP: 116/116 MP: 13/13
 12816 | Lair:3   | HP: 5/118 [15-headed hydra (6)]
 12816 | Lair:3   | HP: 2/118 [15-headed hydra (1)]
 12816 | Lair:3   | Mangled by a 15-headed hydra

Skill      XL: |  1  2  3  4  5  6  7  8  9 10 11 12 13 |
---------------+----------------------------------------+-----
Armour         | 4 5 7 9 10 11 12 13 | 13.2
Fighting       | 4 5 6 7 8 10 11 12 | 12.2
Shields        | 4 5 6 7 8 9 10 11 12 13 | 13.2
Long Blades    | 3 4 6 8 10 11 13 14 | 14.9
Dodging        | 1 2 3 4 |  4.0
Evocations     | 1 |  1.7
Stealth        | 1 |  1.5
Invocations    | |  0.7

Action                   |  1- 3 |  4- 6 |  7- 9 | 10-12 | 13-15 || total
-------------------------+-------+-------+-------+-------+-------++-------
Melee: Long sword        |   101 |    80 |    97 |       |       ||   278
       Headbutt          |    17 |    14 |    74 |   175 |    42 ||   322
       Falchion          |       |       |   237 |   244 |       ||   481
       Demon blade       |       |       |       |   475 |   131 ||   606
       Whip              |       |       |       |       |     5 ||     5
Invok: Heroism           |       |       |     1 |     5 |     1 ||     7
       Finesse           |       |       |       |       |     1 ||     1
Evoke: Wand              |       |     1 |     1 |    10 |       ||    12
  Use: Scroll            |       |       |     8 |    12 |     1 ||    21
       Potion            |       |       |       |     1 |       ||     1
  Eat: Chunk             |     3 |     2 |     7 |    22 |     4 ||    38
       Ration            |       |       |     1 |       |       ||     1
Armor: Scale mail        |    24 |       |       |       |       ||    24
       Chain mail        |    65 |    26 |   134 |   158 |    58 ||   441
Dodge: Dodged            |    38 |    13 |    93 |   127 |    64 ||   335
Block: Shield            |    63 |    33 |   141 |   314 |   118 ||   669
       Rpst.: Long sword |    11 |     3 |    14 |       |       ||    28
       Falchion          |       |       |    17 |     7 |       ||    24
       Demon blade       |       |       |       |    24 |    21 ||    45
